[Event "Early-Titled-Tuesday-Blitz-February-27-2024"]
[Site "Chess.com"]
[Date "2024.02.27"]
[Round "6"]
[White "anasta10"]
[Black "GeorgiosSouleidis"]
[Result "0-1"]
[WhiteElo "2534"]
[BlackElo "2715"]
[TimeControl "180+1"]
[EndTime "9:05:20 PST"]
[Termination "GeorgiosSouleidis won on time"]

1. Nf3 Nf6 2. c4 g6 3. g3 Bg7 4. Bg2 O-O 5. O-O d6 6. Nc3 Nc6 7. b3 e5 8. Bb2 Re8 9. d3 Be6 10.
a3 h6 11. b4 Qd7 12. e4 Bg4 13. Nd5 Nh7 14. Qd2 Nd8 15. Ne3 Bxf3 16. Bxf3 Ne6 17. Bg2 c6 18. f4 exf4 19. gxf4 Nd4 20. Rae1 a5 21. bxa5 Nf8 22. Kh1 Qd8 23. Bc3 Nd7 24. f5 Nc5 25. Ng4 Ncb3 26. Qb2 h5 27. Ne3 Be5 28.
Qf2 Qg5 29. Rg1 Qf4 30. Qxf4 Bxf4 31. Bh3 Kh7 32. Ng2 Be5 33. Nh4 Rg8 34. fxg6+ fxg6 35. Nxg6 Rxg6 36. Rxg6 Kxg6 37. Rg1+ Kh7 38. Rf1 Kg7 39. Rg1+ Kf7 40. Rf1+ Ke7 41. Rg1 Rf8 42. Rg6 Rf6 43. Rg7+ Rf7 44. Rg6 Rg7 45. Rxg7+ Bxg7 46. Bc8 Nc5 47.
Bb4 Nde6 48. a6 bxa6 0-1

[Event "Early-Titled-Tuesday-Blitz-February-27-2024"]
[Site "Chess.com"]
[Date "2024.02.27"]
[Round "6"]
[White "Mesa_1"]
[Black "Kev4444444444"]
[Result "0-1"]
[WhiteElo "2495"]
[BlackElo "2319"]
[TimeControl "180+1"]
[EndTime "9:05:20 PST"]
[Termination "Kev4444444444 won by checkmate"]

1. d4 d5 2. c4 c6 3. Nf3 Nf6 4. g3 Bf5 5. Nc3 e6 6. Nh4 Bg6 7. Qb3 Qb6 8. c5 Qxb3 9. axb3 Na6 10. Nxg6 hxg6 11. Ra4 Be7 12. Bf4 O-O 13. e4 dxe4 14. Bxa6 bxa6 15. Rxa6 Rfd8 16. O-O Rxd4 17. Rxc6 Nd5 18. Be5 Rb4 19. Nxd5 exd5 20. Rd1 Rd8 21. Rc7 Bf6 22. Bxf6 gxf6 23. Ra1 d4 24. Raxa7 d3 25. Rxf7 d2 26. Rg7+ Kh8 27. Rh7+ Kg8 28. Rag7+ Kf8 29. Rh8+ Kxg7 30. Rxd8 Rb5 31. b4 Rxb4 32. Rxd2 Rc4 33.
b4 Rxb4 34. Rc2 Rb7 35. c6 Rc7 36. h4 Kf7 37. Kf1 Ke6 38. Ke2 f5 39. Ke3 Kd5 40.
Kf4 Kd4 41. Kg5 Kd3 42. Rc5 Ke2 43. Kxg6 Kxf2 44. Kxf5 e3 45. g4 e2 46. Re5 Rxc6 47.
Rxe2+ Kxe2 48. h5 Kf3 49. g5 Rc5+ 50. Kf6 Kg4 51. h6 Rc6+ 52. Kg7 Kxg5 53. h7 Rc7+ 54. Kg8 Rc8+ 55. Kg7 Rc7+ 56. Kg8 Kg6 57. h8=Q Rc8# 0-1

[Event "Early-Titled-Tuesday-Blitz-February-27-2024"]
[Site "Chess.com"]
[Date "2024.02.27"]
[Round "6"]
[White "Zkid"]
[Black "Kostya0705"]
[Result "1-0"]
[WhiteElo "2915"]
[BlackElo "2577"]
[TimeControl "180+1"]
[EndTime "9:05:21 PST"]
[Termination "Zkid won by resignation"]

1. e4 c5 2. Nf3 e6 3. d4 cxd4 4. Nxd4 Nc6 5. Nc3 Qc7 6. Be3 a6 7. f3 Nf6 8. Qd2 h5 9. O-O-O Be7 10. Kb1 b5 11. Nxc6 dxc6 12. Bg5 c5 13. e5 Qxe5 14.
Bf4 Qd4 15. Qc1 Qb4 16. Bc7 c4 17. Bb6 Nd5 18. Rxd5 exd5 19. Nxd5 Qd6 20. Nc7+ Kf8 21. Nxa8 Bb7 22. Bc7 Qc6 23. Qf4 Bxa8 24. Be2 g5 25. Qd4 f6 26. Ba5 Kg7 27. Rd1 Re8 28. h4 Bc5 29.
Qd2 Qe6 30. Bf1 gxh4 31. Qf4 Be3 32. Qxh4 Kg6 33. g4 Bxf3 34. gxh5+ Kh6 35. Re1 Qf5 36. Rxe3 Rxe3 37. Bd2 Qg5 38. Qxg5+ fxg5 39. Bxe3 Kxh5 40. Kc1 g4 41. Bf2 Kg5 42. Bg3 Kf5 43. Kd2 Ke4 44. b3 Kd4 45. c3+ Kd5 46. bxc4+ bxc4 47. Ke3 a5 48. Be2 Bxe2 49. Kxe2 Ke4 50. a4 Kd5 51. Ke3 1-0

[Event "Early-Titled-Tuesday-Blitz-February-27-2024"]
[Site "Chess.com"]
[Date "2024.02.27"]
[Round "6"]
[White "noblerone"]
[Black "Ariadna_Atreides"]
[Result "1-0"]
[WhiteElo "2497"]
[BlackElo "2199"]
[TimeControl "180+1"]
[EndTime "9:05:23 PST"]
[Termination "noblerone won on time"]

1. d4 Nf6 2. c4 e6 3. Nc3 Bb4 4. Qb3 Bxc3+ 5. Qxc3 c5 6. Bg5 h6 7.
Bh4 cxd4 8. Qxd4 Qa5+ 9. Qd2 Qxd2+ 10. Kxd2 g5 11. Bg3 Ne4+ 12. Kd3 Nxg3 13. hxg3 Nc6 14. Nf3 d6 15. a3 f6 16. Rd1 g4 17. Nd4 Ne5+ 18.
Kc3 Bd7 19. e3 Rc8 20. Kb3 Ke7 21. Be2 f5 22. Rc1 a6 23. Ka2 a5 24. b3 Nc6 25.
Nb5 Ne5 26. Nd4 Nc6 27. Rcd1 Nxd4 28. exd4 b5 29. Rc1 bxc4 30. bxc4 e5 31. d5 Rb8 32. Rb1 Rxb1 33. Kxb1 Kf6 34. Kb2 Kg5 35. Kc3 h5 36. Rb1 h4 37. gxh4+ Rxh4 38. Rb7 Ba4 39. Rg7+ Kf6 40.
Ra7 Rh2 41. Bf1 Rh1 42. Bd3 Bd1 43. Rd7 e4 44. Rxd6+ Ke5 45. Re6+ Kf4 46. Bc2 Bxc2 47. Kxc2 Rg1 48. d6 Rxg2 49. d7 Rxf2+ 50. Kc3 Rf3+ 51. Kc2 Rd3 52. Re7 g3 53. c5 g2 54. Rg7 g1=Q 55. Rxg1 Rxd7 56. Kc3 Ke5 57. Kc4 Rc7 58. Rg8 f4 59. Re8+ Kf5 60. Kd5 1-0

[Event "Early-Titled-Tuesday-Blitz-February-27-2024"]
[Site "Chess.com"]
[Date "2024.02.27"]
[Round "6"]
[White "Bkmzzzzz"]
[Black "Mikhail_Golubev"]
[Result "0-1"]
[WhiteElo "2390"]
[BlackElo "2617"]
[TimeControl "180+1"]
[EndTime "9:05:24 PST"]
[Termination "Mikhail_Golubev won by resignation"]

1. e4 c5 2. Nf3 d6 3. d4 Nf6 4.
Nc3 cxd4 5. Qxd4 a6 6. Be3 Nc6 7. Qb6 Qxb6 8. Bxb6 g6 9. Nd2 Bh6 10. f3 Be6 11. O-O-O Rc8 12. Kb1 O-O 13. Bc4 Ne5 14. Bxe6 fxe6 15. Rhe1 Bxd2 16. Rxd2 Nc4 17. Be3 Nxd2+ 18.
Bxd2 Nd7 19. Ne2 Kf7 20. Nd4 e5 21. Ne2 Nc5 22. Be3 Ne6 23. Rd1 b5 24. Nc3 Rc4 25.
Nd5 Nc7 26. Nc3 Rc8 27. Rd2 b4 28. Ne2 Ne6 29. Nc1 a5 30. Nd3 Nd4 31. Ne1 a4 32. Bf2 Nb5 33. h3 a3 34. Nd3 axb2 35. Kxb2 Na3 36. Ne1 R4c6 37. Rd3 Nxc2 38. Kb3 Rc3+ 39.
Rxc3 Rxc3+ 40. Ka4 Ra3+ 41. Kb5 Nxe1 42. Bxe1 Rxa2 43. Bxb4 Rxg2 44. Kc6 Ke6 45. Kc7 Rg3 46.
Kd8 Rxf3 47. Ke8 Rxh3 48. Kf8 g5 49. Kg7 g4 50. Be1 g3 51. Kh8 g2 52. Bf2 Rf3 53.
Bg1 Rf1 54. Bh2 g1=Q 55. Bxg1 Rxg1 56. Kxh7 d5 57. Kh6 dxe4 0-1

[Event "Early-Titled-Tuesday-Blitz-February-27-2024"]
[Site "Chess.com"]
[Date "2024.02.27"]
[Round "6"]
[White "chipmunknau"]
[Black "Bilan_Danila"]
[Result "1-0"]
[WhiteElo "2731"]
[BlackElo "2542"]
[TimeControl "180+1"]
[EndTime "9:05:25 PST"]
[Termination "chipmunknau won by resignation"]

1. Nf3 d5 2. g3 Nf6 3. c4 c6 4. Bg2 Bf5 5. O-O e6 6. Qb3 Qb6 7. d3 Nbd7 8. Be3 Qxb3 9. axb3 a6 10. Nc3 Bc5 11. Bxc5 Nxc5 12. b4 Ncd7 13. b5 Ke7 14.
bxc6 bxc6 15. Nd4 Kd6 16. cxd5 cxd5 17. e4 Bg6 18. f4 e5 19. Nf3 Rhb8 20. fxe5+ Nxe5 21.
Nxe5 Kxe5 22. d4+ Kxd4 23. Rfd1+ Kc5 24. e5 d4 25. Na4+ Kc4 26. Bxa8 Ng4 27. Bg2 Ne3 28. Rdc1+ Kd3 29. Nc5+ Kd2 30. b3 Rb5 31. Bf1 Rb4 32.
Bc4 Nxc4 33. Rxc4 Rxc4 34. bxc4 Kc3 35. Rxa6 Kxc4 36. Na4 d3 37. Rd6 Kb4 38. Nb6 Kc3 39. Kf2 Kc2 40. Nd5 d2 41. Ne3+ Kc3 42. g4 Bd3 43.
Nd1+ Kc2 44. Ne3+ Kc3 45. h4 h6 46. Kf3 g6 47. Rc6+ Kd4 48. Rd6+ Kc3 49. Kf4 g5+ 50.
hxg5 hxg5+ 51. Kxg5 Bc2 52. Kf4 Bd3 53. Kg5 Bc4 54.
Nxc4 1-0

[Event "Early-Titled-Tuesday-Blitz-February-27-2024"]
[Site "Chess.com"]
[Date "2024.02.27"]
[Round "6"]
[White "Barmen_EV"]
[Black "Arlo2024"]
[Result "0-1"]
[WhiteElo "2504"]
[BlackElo "2320"]
[TimeControl "180+1"]
[EndTime "9:05:25 PST"]
[Termination "Arlo2024 won on time"]

1. e4 e6 2. d4 d5 3. Nd2 dxe4 4. Nxe4 Nd7 5. Nf3 Ngf6 6. Bd3 Nxe4 7. Bxe4 Nf6 8. Bd3 b6 9. O-O Bb7 10. Re1 Be7 11.
c3 O-O 12. Bc2 c5 13. Qd3 Bxf3 14. Qxf3 cxd4 15. Bg5 Qd5 16. Be4 Nxe4 17. Bxe7 Rfe8 18. Qxe4 Qxe4 19. Rxe4 Rxe7 20. Rxd4 e5 21. Rd6 f6 22. Rad1 Rc8 23. Rd8+ Rxd8 24. Rxd8+ Kf7 25. f3 Ke6 26. Kf2 f5 27. Ke3 Rc7 28. h4 g6 29. Ra8 Rd7 30. g4 fxg4 31. fxg4 h5 32. gxh5 gxh5 33. Rh8 Rg7 34.
Rxh5 Rg2 35. Rh7 Rxb2 36. Rxa7 Kf5 37. Kd3 b5 38. a4 b4 39. a5 Rb3 40. Rc7 bxc3 41.
Rxc3 Rb4 42. h5 Ra4 43. Rc5 Kf4 44. h6 e4+ 45. Kc3 e3 46. h7 e2 47. Kd2 Re4 48.
Ke1 Re8 49. a6 Ke3 0-1

[Event "Early-Titled-Tuesday-Blitz-February-27-2024"]
[Site "Chess.com"]
[Date "2024.02.27"]
[Round "6"]
[White "TheoSlade"]
[Black "djano"]
[Result "0-1"]
[WhiteElo "2421"]
[BlackElo "2613"]
[TimeControl "180+1"]
[EndTime "9:05:26 PST"]
[Termination "djano won by checkmate"]

1. d4 Nf6 2. c4 g6 3. Nc3 Bg7 4. e4 d6 5. Nf3 O-O 6. Be2 e5 7.
Be3 exd4 8. Nxd4 Re8 9. f3 c6 10. Bf2 a5 11. O-O Na6 12. Qd2 Nc5 13. Rad1 Nfd7 14.
Nc2 Be5 15. Bg3 Qb6 16. Ne3 Ne6 17. Na4 Qa7 18. Bf2 Bd4 19. Nc3 a4 20. Rfe1 a3 21.
b3 Qa5 22. Rc1 Ndc5 23. Ng4 Bg7 24. Bh4 Nd7 25. Red1 h5 26. Ne3 Bd4 27. Bf2 Qa7 28. Bf1 Ne5 29. Nc2 Bc5 30. b4 Bxf2+ 31. Qxf2 Qb8 32.
Qd2 Rd8 33. Nd4 Nxd4 34. Qxd4 Be6 35. f4 c5 36. bxc5 Nc6 37. Qf6 dxc5 38. f5 gxf5 39. exf5 Qf4 40. Nd5 Qxf5 41. Ne7+ Nxe7 42. Rxd8+ Rxd8 43. Qxe7 Rd7 44. Qe8+ Kg7 45. Re1 Rd2 46. Rc1 Qf2+ 47.
Kh1 Qf6 48. Qb8 Rf2 49. Qg3+ Kf8 50. Bd3 Bg4 51. Qd6+ Qxd6 52. Be4 Qd4 53. Bf3 Rd2 54. Bxg4 hxg4 55. Rf1 Rd1 56. Rxd1 Qxd1# 0-1

[Event "Early-Titled-Tuesday-Blitz-February-27-2024"]
[Site "Chess.com"]
[Date "2024.02.27"]
[Round "6"]
[White "Fjal"]
[Black "KorolDimitriy75"]
[Result "1/2-1/2"]
[WhiteElo "2254"]
[BlackElo "2418"]
[TimeControl "180+1"]
[EndTime "9:05:26 PST"]
[Termination "Game drawn by repetition"]

1. Nf3 c5 2. g3 g6 3. Bg2 Bg7 4. O-O Nc6 5. d3 e5 6. e4 Nge7 7. c3 d6 8. a3 O-O 9. b4 h6 10. Be3 b6 11. Nbd2 Kh7 12. bxc5 dxc5 13. Nc4 f5 14. exf5 Bxf5 15. Ne1 Qd7 16. Qd2 Rad8 17.
Rd1 Qe6 18. Nb2 e4 19. Qe2 exd3 20. Nexd3 Bxc3 21. Nf4 Qb3 22. Nbd3 Bg7 23. g4 Bc8 24. Nxg6 Nxg6 25. Bxc6 Ba6 26. Be4 Rfe8 27. Bxg6+ Kxg6 28. Nf4+ Kh7 29. Qxa6 Rxd1 30. h3 Rxf1+ 31. Kxf1 Qf7 32.
Qd3+ Kg8 33. Kg2 c4 34. Qc2 c3 35. Qd3 Qb7+ 36. Kg1 Qe4 37. Qd7 c2 38. Nh5 Qe7 39.
Qd5+ Qf7 40. Qc6 Qe6 41. Qxc2 Rc8 42. Qd3 Re8 43. Nxg7 Kxg7 44. Qc3+ Kh7 45. Qc7+ Re7 46. Qc2+ Qe4 47. Qc8 Qe6 48. Qc2+ Qg6 49. Qc8 Qe8 50.
Qc2+ Qg6 51. Qc8 Qe6 52. Qc2+ 1/2-1/2

[Event "Early-Titled-Tuesday-Blitz-February-27-2024"]
[Site "Chess.com"]
[Date "2024.02.27"]
[Round "6"]
[White "VinzentSpitzl"]
[Black "UK_23"]
[Result "0-1"]
[WhiteElo "2517"]
[BlackElo "2366"]
[TimeControl "180+1"]
[EndTime "9:05:28 PST"]
[Termination "UK_23 won on time"]

1. e4 e5 2. Nf3 Nf6 3. Nxe5 Nxe4 4. Qe2 Qe7 5. Qxe4 d6 6. d4 dxe5 7. dxe5 Nc6 8. Nc3 Qxe5 9. Bf4 Qxe4+ 10. Nxe4 Bf5 11.
O-O-O Bxe4 12. Re1 O-O-O 13. Rxe4 Bd6 14. Be3 f5 15.
Ra4 a6 16. Be2 Rhe8 17. Re1 g6 18. h4 Rd7 19. h5 Rde7 20. hxg6 hxg6 21. Kd2 Ne5 22. Bg5 Re6 23. Rh4 Ng4 24. f3 Bg3 25. Rhh1 Bxe1+ 26. Rxe1 Ne3 27. Bd3 Nd5 28. Rh1 Nb4 29. Bc4 Rd6+ 30. Kc3 Nd5+ 31. Kb3 b5 32. Bd3 c5 33. Ka3 c4 34. Bf1 a5 35. c3 Re1 36.
Rh8+ Kd7 37. Rh7+ Kc6 38. Rh1 Ne3 39. Bxe3 Rxe3 40. f4 Re1 41. g3 Rdd1 42. Bg2+ Kc5 43. Rh8 Rd2 44. Rc8+ Kb6 45. Rc6+ Ka7 46. Rc7+ Kb8 47.
Rb7+ Kc8 48. Bc6 Rd6 49. Bg2 Re2 50. Bf3 Re3 51. Bh1 b4+ 52. Ka4 bxc3 53. bxc3 Rxc3 54.
Kb5 Rc1 55. Kc5 Rxh1 0-1

[Event "Early-Titled-Tuesday-Blitz-February-27-2024"]
[Site "Chess.com"]
[Date "2024.02.27"]
[Round "6"]
[White "chesstrainer2042"]
[Black "BardArtem"]
[Result "1-0"]
[WhiteElo "2571"]
[BlackElo "2746"]
[TimeControl "180+1"]
[EndTime "9:05:31 PST"]
[Termination "chesstrainer2042 won on time"]

1. d4 Nf6 2. Nf3 b6 3. c4 Bb7 4. Nc3 g6 5. Qc2 d5 6. cxd5 Nxd5 7. e4 Nxc3 8. bxc3 Bg7 9. h4 h6 10. Bc4 e6 11. Ba3 Nd7 12. Rd1 Nf6 13. Bd3 Bf8 14.
Bb2 Be7 15. c4 O-O 16. Kf1 Nh5 17. Qc1 Kh7 18. Ne5 Bd6 19. d5 Qe8 20. Ng4 e5 21.
Qxh6+ Kg8 22. g3 Qe7 23. Bc1 Rfe8 24. Bc2 Qf8 25. Ba4 Qxh6 26. Nxh6+ Kg7 27. Bxe8 Rxe8 28.
Kg2 Bc8 29. f3 f5 30. exf5 gxf5 31. g4 fxg4 32. fxg4 Nf4+ 33. Bxf4 exf4 34. Nf5+ Bxf5 35. gxf5 Re2+ 36. Kf3 Re3+ 37. Kg4 Rg3+ 38. Kh5 Kf6 39. Rhg1 Bc5 40. Rge1 Kxf5 41. Re8 f3 42. Rf1 f2 43. Rxf2+ Bxf2 44. Rf8+ Ke5 45. Rxf2 a6 46. Rf7 Kd6 47. Rf6+ Kd7 48. Rg6 Ra3 49. Rg4 Rxa2 50. Kg6 1-0

[Event "Early-Titled-Tuesday-Blitz-February-27-2024"]
[Site "Chess.com"]
[Date "2024.02.27"]
[Round "6"]
[White "rhwr"]
[Black "Alexchess1984"]
[Result "1-0"]
[WhiteElo "2293"]
[BlackElo "2712"]
[TimeControl "180+1"]
[EndTime "9:05:31 PST"]
[Termination "rhwr won by resignation"]

1. e4 c5 2. Nf3 g6 3. d4 cxd4 4.
Nxd4 Bg7 5. c4 Nc6 6. Be3 d6 7. Nc3 Nf6 8. Be2 O-O 9. O-O Bd7 10. f3 Nxd4 11. Bxd4 a5 12. Qd2 Bc6 13. a3 a4 14. Qe3 Nd7 15. Bxg7 Kxg7 16. Rad1 Qa5 17. f4 Qc5 18. Qxc5 Nxc5 19. Bf3 Rad8 20. Rfe1 e5 21. g3 Nb3 22. Bg2 Na5 23. Bf1 Nb3 24. Nd5 Bxd5 25. Rxd5 Nd4 26. Kf2 f6 27. Rc1 b6 28. Ke3 Kf7 29.
Bd3 Ke7 30. Bc2 Ra8 31. Bd1 Rfc8 32. Rc3 Rc5 33. h4 Ne6 34. h5 Nc7 35. Rd2 Ne6 36. Rh2 g5 37. f5 Nd4 38. Rd2 Rac8 39. Bxa4 Rxc4 40. Rdd3 b5 41. Bd1 Rxc3 42. Rxc3 Nc6 43. Be2 Na7 44. Rxc8 Nxc8 45. Bxb5 Nb6 46. b3 d5 47. a4 dxe4 48. Kxe4 Kd6 49. Bc4 Nd7 50. b4 Nb6 51. Bb3 Nd7 52. a5 Nb8 53. Ba4 Na6 54. Bb5 Nxb4 55. a6 Kc5 56. a7 Kxb5 57. a8=Q Na6 58.
Qb7+ Ka5 59. Qxh7 Nc5+ 60. Kd5 Nb3 61. Kc4 Ka4 62. Qa7+ Na5+ 63. Kc3 1-0

[Event "Early-Titled-Tuesday-Blitz-February-27-2024"]
[Site "Chess.com"]
[Date "2024.02.27"]
[Round "6"]
[White "scarabee43"]
[Black "DamianoLew95"]
[Result "1-0"]
[WhiteElo "2889"]
[BlackElo "2678"]
[TimeControl "180+1"]
[EndTime "9:05:33 PST"]
[Termination "scarabee43 won on time"]

1. Nf3 Nf6 2. c4 b6 3. Nc3 Bb7 4. g3 Ne4 5. Nxe4 Bxe4 6. Bg2 g6 7. O-O Bg7 8. d3 Bb7 9. d4 Be4 10. Bf4 O-O 11. e3 a5 12. h4 Na6 13. h5 c5 14. h6 Bh8 15. Qe2 Rc8 16. d5 f6 17.
Nd2 Bxg2 18. Kxg2 g5 19. Qg4 Qe8 20. e4 Qg6 21. Be3 d6 22. Qe6+ Qf7 23. f4 Qxe6 24. dxe6 f5 25. fxg5 fxe4 26. Nxe4 Nc7 27. g6 hxg6 28.
Ng5 Bf6 29. h7+ Kg7 30. Nf7 Nxe6 31. h8=Q+ Rxh8 32. Nxh8 Rxh8 33. Rae1 Nd4 34. Bxd4 cxd4 35. Rh1 Rc8 36. b3 g5 37. Kf3 a4 38. Ke4 Ra8 39.
b4 a3 40. Rb1 Rc8 41. Rhc1 Kg6 42. g4 Rh8 43. Rb3 Rh4 44. Rg1 Rh2 45. Rxa3 Rf2 46. Ra6 Re2+ 47. Kd3 Re3+ 48. Kd2 Rc3 49. Rxb6 Be5 50.
c5 Bf4+ 51. Ke2 d3+ 52. Kf2 d2 53. Rd1 Kf6 54. c6 Ke6 55. Ke2 Kd5 56. b5 Kc5 57.
Rb7 Kd4 58. Rxe7 Rh3 59. c7 Rh2+ 60. Kf3 Rh3+ 61. Kg2 Rg3+ 62. Kf2 1-0

[Event "Early-Titled-Tuesday-Blitz-February-27-2024"]
[Site "Chess.com"]
[Date "2024.02.27"]
[Round "6"]
[White "ValentinDragnev"]
[Black "jamengrand"]
[Result "0-1"]
[WhiteElo "2730"]
[BlackElo "2414"]
[TimeControl "180+1"]
[EndTime "9:05:34 PST"]
[Termination "jamengrand won on time"]

1. d4 d5 2. Nf3 Nf6 3. Bf4 g6 4.
e3 Bg7 5. h3 O-O 6. Be2 c5 7.
O-O Nc6 8. c3 Nd7 9. Nbd2 e5 10.
dxe5 Ndxe5 11. Nxe5 Bxe5 12. Bxe5 Nxe5 13. Nf3 Nc6 14. Qb3 b6 15. Rfd1 Be6 16. c4 dxc4 17. Qa4 Qe8 18. Ng5 Nd4 19. Qxe8 Nxe2+ 20. Kf1 Ng3+ 21.
fxg3 Rfxe8 22. Rac1 b5 23. Ne4 Rec8 24. Nd6 Rc6 25. Rd2 Rd8 26. Rcd1 Rb8 27. Kf2 Kf8 28.
g4 h6 29. Kg3 a5 30. Ne4 Ke7 31. g5 hxg5 32. Nxg5 Rb7 33. Rd8 b4 34. Ra8 c3 35.
bxc3 Bxa2 36. Rxa5 b3 37. Nf3 b2 38. Ne5 Re6 39.
Rxa2 Rxe5 40. Rb1 Rxe3+ 41. Kf4 Rxc3 42. Rbxb2 Rb4+ 43. Rxb4 cxb4 44. Ra7+ Ke6 45. Rb7 b3 46. h4 f6 47. g4 Rc4+ 48. Kf3 Rc3+ 49. Kf4 Kd5 50.
h5 gxh5 51. gxh5 Rh3 52. Kg4 Re3 53. h6 Kc4 54. h7 Re8 55. Kf5 Rf8 56. Kg6 f5 57.
Kg7 Re8 0-1

[Event "Early-Titled-Tuesday-Blitz-February-27-2024"]
[Site "Chess.com"]
[Date "2024.02.27"]
[Round "6"]
[White "martinmena"]
[Black "picturesquecheck"]
[Result "1-0"]
[WhiteElo "2257"]
[BlackElo "2469"]
[TimeControl "180+1"]
[EndTime "9:05:36 PST"]
[Termination "martinmena won by checkmate"]

1. c4 Nf6 2. g3 g6 3. Bg2 Bg7 4. Nc3 O-O 5. d3 d6 6. Bg5 Nc6 7. Qd2 e5 8. e4 a5 9. Nge2 Qe8 10. Bh6 Bg4 11. Bxg7 Kxg7 12. f3 Be6 13. O-O Qd7 14. f4 Bg4 15. fxe5 dxe5 16. Qg5 Ng8 17. Qe3 Bxe2 18. Qxe2 Rad8 19. Nd5 f6 20. Qd2 b6 21. Rf2 Nd4 22. Raf1 Rf7 23. h4 Rdf8 24. Kh2 Nh6 25. Ne3 Qd6 26. Bh3 c6 27. g4 Ng8 28. h5 a4 29. Kh1 Ne7 30. h6+ Kg8 31. Ng2 g5 32.
Ne3 Ng6 33. Nf5 Nxf5 34. Rxf5 Nf4 35. Bg2 Qxd3 36. Qxd3 Nxd3 37. b3 axb3 38. axb3 c5 39. R5f3 Nf4 40. Rd1 Re7 41. Rd6 Re6 42. Rd7 Rf7 43.
Rd8+ Rf8 44. Rd7 Ng6 45. Rfd3 Re7 46. R7d6 Nf4 47. Rd2 Kf7 48. Rxb6 Kg6 49. Rdd6 Rff7 50. Rbc6 Rb7 51. Rb6 Rxb6 52. Rxb6 Kxh6 53. Rb5 Nd3 54. Bf1 Nf2+ 55. Kg2 Nxe4 56. Bd3 Nd6 57. Rxc5 e4 58.
Be2 Rb7 59. b4 Rxb4 60. Rc6 Rb2 61. Kf2 Ne8 62. Re6 Ng7 63. Rxf6# 1-0

[Event "Early-Titled-Tuesday-Blitz-February-27-2024"]
[Site "Chess.com"]
[Date "2024.02.27"]
[Round "6"]
[White "LeninGuerra"]
[Black "maciek_92"]
[Result "0-1"]
[WhiteElo "2587"]
[BlackElo "2839"]
[TimeControl "180+1"]
[EndTime "9:05:37 PST"]
[Termination "maciek_92 won by resignation"]

1. e4 c5 2. Nf3 e6 3. d4 cxd4 4. Nxd4 Nc6 5. Nxc6 bxc6 6. c4 Qh4 7. Bd3 Nf6 8. g3 Qh3 9. Bf1 Bb4+ 10. Bd2 Bxd2+ 11.
Nxd2 Qh6 12. Bg2 O-O 13. e5 Ne8 14. Ne4 f6 15. exf6 Nxf6 16. Nd6 Ne8 17. O-O Nxd6 18. Qxd6 Qf6 19. b3 a5 20. Rad1 Qc3 21. Rd3 Qb4 22.
Rfd1 Qxd6 23. Rxd6 Ra7 24. Re1 Kf7 25. h4 Ke7 26.
Red1 a4 27. b4 Rf5 28. a3 Re5 29. R1d2 Re1+ 30. Kh2 Ba6 31. c5 Bc4 32. R6d4 Bd5 33. Bxd5 exd5 34. b5 cxb5 35. Rxd5 b4 36. axb4 Rb1 37.
R5d4 a3 38. Ra2 Rb2 39. Ra1 a2 40. Rdd1 Rxb4 41. Rd2 Rba4 42. Kg2 R7a6 43. Kf3 Kd8 44. Ke2 Kc7 45. Kd1 Kc6 46. Kc2 Ra7 47. Kb3 Ra3+ 48. Kb2 Kxc5 49. Rxd7 Rxd7 50. Kxa3 Ra7+ 51. Kb2 Kd4 52.
Rd1+ Ke4 53. Ka1 Kf3 54. Rd2 h6 55. Rc2 Re7 56. h5 Re1+ 57. Kxa2 Re2 58. Kb3 Rxc2 59.
Kxc2 Kxf2 60. Kd3 Kxg3 61. Ke4 Kg4 0-1

[Event "Early-Titled-Tuesday-Blitz-February-27-2024"]
[Site "Chess.com"]
[Date "2024.02.27"]
[Round "6"]
[White "mary-sanna"]
[Black "claudyna16"]
[Result "0-1"]
[WhiteElo "2183"]
[BlackElo "2466"]
[TimeControl "180+1"]
[EndTime "9:05:37 PST"]
[Termination "claudyna16 won on time"]

1. d4 Nf6 2. c4 g6 3. Nc3 Bg7 4. e4 O-O 5. Be2 d6 6. Bg5 h6 7. Be3 e5 8. d5 a5 9. Qd2 Kh7 10. f3 c6 11. g4 cxd5 12. cxd5 Na6 13. h4 Nd7 14. Nh3 Ndc5 15. Bd1 Nb4 16. Nf2 f5 17. Bxc5 dxc5 18. a3 Na6 19. Bc2 fxg4 20. fxg4 Qf6 21. g5 Qf4 22. Qxf4 exf4 23. O-O-O Bd4 24.
Rhf1 Bd7 25. Nd3 Rae8 26. Nxf4 Be3+ 27. Kb1 Bxf4 28. gxh6 Be5 29. Rg1 Rf2 30. h5 gxh5 31.
d6 Kxh6 32. Nd5 Ref8 33. Ne7 Rxc2 34. Kxc2 Rf2+ 35. Rd2 Ba4+ 36. Kd3 Rf3+ 37. Ke2 Rf4 38. d7 Rxe4+ 39. Kf3 Rf4+ 40. Ke2 Bb5+ 41. Ke3 Bxd7 42. Rxd7 Rg4 43. Ng8+ Kg5 44. Rgd1 Bd4+ 45. Kf3 b5 46. Rd5+ Kg6 47. Ne7+ Kf7 48. Nc6 Bxb2 49. Rd7+ Kf6 50. R1d6+ Kf5 51. Rf7+ Kg5 52. Rg7+ Kh4 53. Rgd7 b4 0-1

[Event "Early-Titled-Tuesday-Blitz-February-27-2024"]
[Site "Chess.com"]
[Date "2024.02.27"]
[Round "6"]
[White "Witik"]
[Black "TitarovVasiliYouTube"]
[Result "1-0"]
[WhiteElo "2707"]
[BlackElo "2515"]
[TimeControl "180+1"]
[EndTime "9:05:38 PST"]
[Termination "Witik won by resignation"]

1. d4 d5 2. Bf4 Nf6 3. e3 e6 4. Nf3 Bd6 5. Nbd2 Bxf4 6. exf4 c5 7. c3 O-O 8. Bd3 b6 9. Qe2 a5 10. O-O Ba6 11. Ne5 Bxd3 12. Qxd3 Qd6 13. f5 exf5 14.
Qxf5 cxd4 15. cxd4 Nc6 16. Ndf3 Ne7 17. Qd3 Rfc8 18.
Ng5 Rf8 19. Rac1 h6 20. Ngf3 Rfc8 21. h3 Ne4 22. a3 f6 23. Ng4 Rc7 24. Nd2 Nxd2 25.
Qxd2 Rac8 26. Rxc7 Qxc7 27. Re1 Nf5 28. Qd3 Qd7 29.
Qa6 Qc7 30. Qb5 Qc6 31. Qd3 Qd7 32. g3 h5 33. Nh2 Rc4 34. Nf3 Qc8 35. Kg2 Rc2 36.
Re8+ Qxe8 37. Qxc2 Qe4 38. Qxe4 dxe4 39. Nd2 Nxd4 40. Nxe4 Kf7 41. Nd6+ Ke6 42. Nc4 b5 43. Nxa5 Kd5 44. f3 Nc2 45. Kf2 g5 46. Ke2 Nd4+ 47.
Ke3 f5 48. f4 g4 49. h4 Nb3 50. Nxb3 Kc4 51. Nd4 b4 52. axb4 Kxb4 53. Nxf5 Kb3 54. Ng7 Kxb2 55. Nxh5 1-0

[Event "Early-Titled-Tuesday-Blitz-February-27-2024"]
[Site "Chess.com"]
[Date "2024.02.27"]
[Round "6"]
[White "Kunalm64"]
[Black "Chessmissile07"]
[Result "0-1"]
[WhiteElo "2577"]
[BlackElo "2885"]
[TimeControl "180+1"]
[EndTime "9:05:39 PST"]
[Termination "Chessmissile07 won by resignation"]

1. e4 a6 2. d4 d5 3. exd5 Qxd5 4.
Nc3 Qd6 5. Nf3 Nf6 6. g3 g6 7. Bg2 Bg7 8. O-O O-O 9. Bf4 Qb6 10. Rb1 Nc6 11. Na4 Qa5 12. c3 Bf5 13. Rc1 b5 14. Nc5 Qxa2 15. Nh4 Bg4 16. Qc2 Nd5 17. Ra1 Qc4 18.
b3 Qxc3 19. Qxc3 Nxc3 20. Bxc6 Ne2+ 21. Kg2 Rad8 22. Bxc7 Rc8 23. Nxa6 Nxd4 24. Bb7 Rce8 25. h3 Nxb3 26. Rab1 Be6 27. Rfe1 Nd4 28. Nf3 Nxf3 29. Bxf3 Bc4 30. Bc6 Rc8 31. Rxe7 Bf6 32. Rd7 b4 33. Nxb4 Be6 34. Na6 Bxd7 35. Bxd7 Ra8 36. Nc5 Bd4 37. Ne4 Ra7 38. Rd1 Rxc7 39. Rxd4 Rd8 40. Rd2 Kg7 41. Bb5 Rxd2 42. Nxd2 Rc5 43. Be2 Rc2 44. Kf3 Rxd2 45.
Ke3 Rb2 46. h4 h5 47. f4 Kf6 48. Kf2 Kf5 49. Kf3 Rb3+ 50. Kf2 Ke4 51. Bd1 Rb2+ 52. Be2 f5 0-1

[Event "Early-Titled-Tuesday-Blitz-February-27-2024"]
[Site "Chess.com"]
[Date "2024.02.27"]
[Round "6"]
[White "karinachess1"]
[Black "Rogarcia1"]
[Result "0-1"]
[WhiteElo "2618"]
[BlackElo "2512"]
[TimeControl "180+1"]
[EndTime "9:05:39 PST"]
[Termination "Rogarcia1 won on time"]

1. d4 d5 2. c4 c6 3. Nf3 Nf6 4.
g3 Bf5 5. Qb3 Qb6 6. Nc3 e6 7.
c5 Qxb3 8. axb3 h6 9. Bf4 Nbd7 10. h4 Be7 11. b4 O-O 12. b5 Nh7 13. b4 g5 14. hxg5 hxg5 15. Bd2 f6 16. e3 e5 17. bxc6 bxc6 18. Ra6 e4 19. Ng1 Nb8 20. Ra4 Bd7 21. Nge2 a5 22. bxa5 Na6 23. Nc1 Rfb8 24. N1a2 Bd8 25. Be2 Rb2 26. Bc1 Rb3 27. Bd1 Rb7 28. Be2 Rba7 29. O-O Nb8 30. a6 Nxa6 31. Bd2 Nb8 32. Rxa7 Rxa7 33. Rb1 Bc7 34. Nb4 Nf8 35. Kg2 Kg7 36. f3 f5 37. g4 exf3+ 38. Bxf3 fxg4 39.
Be2 Ng6 40. Be1 Nh4+ 41. Kg1 Bf5 42. Rc1 Nf3+ 43. Bxf3 gxf3 44. Bf2 Rb7 45. Nc2 Rb2 46.
Ne1 g4 47. e4 dxe4 48. d5 cxd5 49. Bd4+ Kg6 50. Nxd5 Bh2+ 51. Kh1 Re2 52. Ne7+ Kg5 53. Nxf5 Kxf5 54. c6 Nxc6 55. Rc5+ Ne5 56. Nc2 f2 57. Kg2 g3 58. Bxe5 Kg4 59. Nd4 Re1 0-1